 Dungeon Sprint DCSS version 0.22-a0-247-gbddf880 (webtiles) character file.

8200000 pokedragonboy the Champion of Chaos (level 27, -34/249 HPs)
             Began as a Formicid Fighter on Feb 26, 2018.
             Was the Champion of Makhleb.
             Annihilated by a destroyer
             ... wielding a +9 great sword of slicing
              (113 damage)
             ... in the Dungeon (Sprint VIII: "Arena of Blood").
             The game lasted 00:05:38 (82 turns).

pokedragonboy the Champion of Chaos (FoFi)            Turns: 82, Time: 00:05:39

Health: -34/249    AC: 13    Str: 28    XL:     27
Magic:  19/54      EV: 25    Int: 12    God:    Makhleb [******]
Gold:   0          SH: 19    Dex: 12    Spells: 80/80 levels left

rFire    . . .     SeeInvis +   l - +∞ Axe of Woe
rCold    . . .     Gourm    .   c - +0 shield
rNeg     . . .     Faith    .   b - +0 scale mail
rPois    .         Spirit   .   (helmet unavailable)
rElec    .         Reflect  .   (no cloak)
rCorr    .         Harm     .   (no gloves)
MR       ++...                  (no boots)
Stlth    ++++++++..             (no amulet)
HPRegen  0.51/turn              m - +200 ring of slaying
MPRegen  0.34/turn              (no ring)

@: drained
A: permanent stasis, dig shafts and tunnels, four strong arms, antennae 3
a: Dig, Minor Destruction, Lesser Servant of Makhleb, Major Destruction, Greater
Servant of Makhleb, Renounce Religion


You were in the Dungeon.
You worshipped Makhleb.
Makhleb was exalted by your worship.
You were not hungry.

You visited 1 branch

Inventory:

Hand Weapons
 a - a +0 war axe
 l - the +∞ Axe of Woe (weapon)
   (You found it in the Dungeon)
Armour
 b - a +0 scale mail (worn)
 c - a +0 shield (worn)
Jewellery
 m - a +200 ring of slaying (left hand)
 n - a +200 ring of slaying
Scrolls
 k - a scroll of blinking
Potions
 d - a potion of might
 e - a potion of curing
 g - a potion of heal wounds
 h - a potion of haste
 i - 2 potions of magic
 j - a potion of berserk rage
Comestibles
 f - a ration


   Skills:
 O Level 27(26.6) Fighting
 O Level 27(26.6) Axes
 O Level 27(26.6) Throwing
 O Level 27(26.6) Armour
 O Level 27(26.6) Dodging
 O Level 27(26.6) Stealth
 O Level 27(26.6) Shields
 O Level 27(26.6) Unarmed Combat
 O Level 27(26.6) Spellcasting
 O Level 27(26.6) Invocations


You had 80 spell levels left.
You didn't know any spells.

Dungeon Overview and Level Annotations

Branches:
Dungeon (1/1)

Altars:
Makhleb


Innate Abilities, Weirdness & Mutations

You cannot be hasted, slowed, berserked, paralysed or teleported.
You can dig through walls and to a lower floor.
Your four strong arms can wield two-handed weapons with a shield.
You have a pair of large antennae on your head. (SInv)


Message History

Makhleb accepts your kill.
The meat beast moves out of view.
The dread calls on the powers of darkness!
The large bag of meat convulses!
The bag of meat convulses! x3
The meat berserker convulses!
Your body is wracked with pain!
The bag of meat convulses! x3; The large bag of meat convulses!
The bag of meat convulses! x2
You hear a shout! x5
A dread comes into view.
Unknown command.
A hell beast and a vampire knight come into view.
The destroyer is wielding a +9 great sword of slicing.
The meat beast moves out of view.
You hear a shout!
The meat berserker hits you with a +9 battleaxe!!!
The destroyer shouts!
You hear a shout! x3
The large abomination is engulfed in blazing flames.
The tyrant touches you.
You feel drained.
The destroyer hits you with a +9 great sword of slicing!!!!
You die...

.....#............
............2..%.V..
#...§..........%...
.#...W... #...%...#
.%..#.... #oo.....#
.#...o%.###o.%....###.
......)))z.WO###......
...%.#)§§VLO.._.......
..#.Xx§X§@#.....#....
#..XXXoxo))#_.<._# .
...#.L.O))§#.....#
...Xo#oo.x§..._.....
...X.o.§§..oo###{.....
.X..XXo§###§WO.{..###.
......X.. #.L.XX..#{
§........ #.2..X..#
#...... .....W...


You could see 2 tentacled monstrosities, 2 meat beasts, 3 tyrants, 2 destroyers,
a sculptor of flesh, 2 large bags of meat, 8 large abominations, 2 wretched
souls, a dread, a meat berserker (berserk), a small abomination, 12 bags of meat
and 2 crawling corpses.

Vanquished Creatures
  3 hell beasts (D)
  2 greater mummies (D)
  2 wraiths (D)
  Harold (D)
  23 vampire knights (D)
  27 ogres (D)
  5 two-headed ogres (D)
  3 liches (D)
  52 orcs (D)
  4 skeletal warriors (D)
  7 small abominations (D)
  8 large abominations (D)
  10 crawling corpses (D)
147 creatures vanquished.

Vanquished Creatures (others)
  A crawling corpse (D)
1 creature vanquished.

Grand Total: 148 creatures vanquished

Notes
Turn   | Place    | Note
-------+----------+-------------------------------------------
     0 | D        | Found the +∞ Axe of Woe
     0 | D        | pokedragonboy the Formicid Fighter began the quest for the Orb.
     0 | D        | Reached XP level 1. HP: 18/18 MP: 1/1
     4 | D        | Became a worshipper of Makhleb the Destroyer
     6 | D        | Noticed a bag of meat
     6 | D        | Noticed a bag of meat
     7 | D        | Noticed a bag of meat
     7 | D        | Noticed a bag of meat
     8 | D        | Noticed a bag of meat
     9 | D        | Noticed a bag of meat
    11 | D        | Killed a bag of meat
    11 | D        | Reached skill level 27 in Invocations
    11 | D        | Reached skill level 5 in Dodging
    11 | D        | Reached XP level 2. HP: 31/31 MP: 1/16
    11 | D        | Reached XP level 3. HP: 36/36 MP: 1/18
    11 | D        | Reached XP level 4. HP: 43/43 MP: 1/19
    11 | D        | Reached XP level 5. HP: 48/48 MP: 1/21
    11 | D        | Reached XP level 6. HP: 55/55 MP: 1/22
    11 | D        | Reached XP level 7. HP: 60/60 MP: 1/24
    11 | D        | Reached XP level 8. HP: 67/67 MP: 1/25
    11 | D        | Reached XP level 9. HP: 72/72 MP: 1/26
    11 | D        | Reached XP level 10. HP: 79/79 MP: 1/27
    11 | D        | Reached XP level 11. HP: 84/84 MP: 1/28
    11 | D        | Reached XP level 12. HP: 91/91 MP: 1/29
    11 | D        | Killed a bag of meat
    11 | D        | Reached * piety under Makhleb
    11 | D        | Reached skill level 10 in Axes
    11 | D        | Reached XP level 13. HP: 106/106 MP: 1/30
    12 | D        | Noticed a bag of meat
    12 | D        | Killed a bag of meat
    12 | D        | Reached XP level 14. HP: 84/119 MP: 1/31
    12 | D        | Killed a bag of meat
    12 | D        | Reached skill level 15 in Fighting
    12 | D        | Reached skill level 15 in Armour
    12 | D        | Reached XP level 15. HP: 129/129 MP: 1/32
    13 | D        | Noticed a meat berserker
    13 | D        | Noticed a meat berserker
    13 | D        | Reached ** piety under Makhleb
    13 | D        | Reached skill level 15 in Axes
    13 | D        | Reached skill level 15 in Dodging
    13 | D        | Reached XP level 16. HP: 137/143 MP: 1/33
    14 | D        | Noticed a meat berserker
    16 | D        | Killed a meat berserker
    17 | D        | Killed a meat berserker
    17 | D        | Reached *** piety under Makhleb
    17 | D        | Reached XP level 17. HP: 158/158 MP: 2/34
    18 | D        | Killed a meat berserker
    18 | D        | Reached XP level 18. HP: 171/171 MP: 3/35
    19 | D        | Noticed a destroyer
    19 | D        | Reached **** piety under Makhleb
    21 | D        | Reached skill level 27 in Axes
    21 | D        | Reached XP level 19. HP: 180/180 MP: 3/36
    22 | D        | Noticed a meat berserker
    22 | D        | Reached skill level 27 in Shields
    22 | D        | Reached ***** piety under Makhleb
    22 | D        | Reached XP level 20. HP: 195/195 MP: 3/37
    23 | D        | Noticed a destroyer
    23 | D        | Noticed a large bag of meat
    24 | D        | Noticed a destroyer
    25 | D        | Noticed a large bag of meat
    26 | D        | Killed a meat berserker
    26 | D        | Reached skill level 27 in Fighting
    26 | D        | Reached skill level 27 in Armour
    26 | D        | Killed a destroyer
    26 | D        | Reached skill level 27 in Dodging
    26 | D        | Reached XP level 21. HP: 204/204 MP: 4/38
    27 | D        | Noticed a large bag of meat
    27 | D        | Noticed a meat berserker
    27 | D        | Noticed a large bag of meat
    27 | D        | Noticed a large bag of meat
    29 | D        | Killed a destroyer
    29 | D        | Killed a destroyer
    29 | D        | Reached XP level 22. HP: 212/212 MP: 5/46
    30 | D        | Noticed a meat berserker
    30 | D        | Noticed a meat berserker
    30 | D        | Killed a large bag of meat
    30 | D        | Killed a large bag of meat
    30 | D        | Reached skill level 27 in Stealth
    30 | D        | Reached XP level 23. HP: 219/219 MP: 5/50
    33 | D        | Reached ****** piety under Makhleb
    33 | D        | Reached skill level 27 in Unarmed Combat
    33 | D        | Reached XP level 24. HP: 227/227 MP: 6/53
    34 | D        | Noticed a destroyer
    34 | D        | Noticed a destroyer
    35 | D        | Killed a large bag of meat
    35 | D        | Reached skill level 27 in Throwing
    35 | D        | Reached skill level 27 in Spellcasting
    35 | D        | Killed a destroyer
    36 | D        | Reached XP level 25. HP: 234/234 MP: 7/54
    37 | D        | Reached XP level 26. HP: 242/242 MP: 7/54
    39 | D        | Killed a large bag of meat
    40 | D        | Noticed a destroyer
    41 | D        | Noticed a destroyer
    41 | D        | Reached XP level 27. HP: 249/249 MP: 8/54
    43 | D        | Noticed a destroyer
    43 | D        | Noticed The Servant
    43 | D        | Killed a destroyer
    46 | D        | Noticed a destroyer
    46 | D        | Killed a destroyer
    47 | D        | Noticed a destroyer
    47 | D        | Noticed a destroyer
    48 | D        | Noticed a destroyer
    48 | D        | Killed a destroyer
    48 | D        | Killed a destroyer
    50 | D        | Killed a destroyer
    50 | D        | Noticed a destroyer
    51 | D        | Noticed a destroyer
    51 | D        | Noticed a destroyer
    51 | D        | Noticed a destroyer
    52 | D        | Killed a destroyer
    53 | D        | Killed a destroyer
    53 | D        | Killed a destroyer
    54 | D        | Noticed a tyrant
    54 | D        | Noticed an accursed
    54 | D        | Noticed a destroyer
    54 | D        | Killed a destroyer
    55 | D        | Noticed an accursed
    56 | D        | Killed The Servant
    57 | D        | Killed a destroyer
    59 | D        | Noticed a large bag of meat
    59 | D        | Killed an accursed
    60 | D        | Killed a tyrant
    60 | D        | Killed an accursed
    61 | D        | Noticed a destroyer
    62 | D        | Noticed a destroyer
    62 | D        | Noticed a meat beast
    62 | D        | Killed a destroyer
    64 | D        | Noticed a destroyer
    65 | D        | Killed a destroyer
    65 | D        | Killed a destroyer
    65 | D        | Killed a destroyer
    66 | D        | Killed a meat beast
    67 | D        | Noticed a large bag of meat
    67 | D        | Noticed a tyrant
    69 | D        | Noticed a tyrant
    70 | D        | Noticed a destroyer
    70 | D        | Noticed a dread
    70 | D        | Noticed a destroyer
    70 | D        | Noticed a tyrant
    71 | D        | Noticed a tyrant
    71 | D        | Killed a destroyer
    72 | D        | Noticed a dread
    72 | D        | Killed a destroyer
    74 | D        | Noticed a destroyer
    74 | D        | Killed a destroyer
    74 | D        | Noticed a meat beast
    75 | D        | Noticed a meat beast
    75 | D        | Noticed a tyrant
    76 | D        | Noticed a dread
    76 | D        | Noticed a meat beast
    77 | D        | Killed a destroyer
    77 | D        | Killed a meat beast
    78 | D        | Noticed a large bag of meat
    78 | D        | Killed a destroyer
    78 | D        | Killed a dread
    79 | D        | Noticed a destroyer
    79 | D        | Killed a tyrant
    79 | D        | Killed a meat beast
    80 | D        | Killed a tyrant
    80 | D        | Killed a large bag of meat
    80 | D        | Killed a dread
    81 | D        | Noticed a meat beast
    82 | D        | Noticed a dread
    82 | D        | Noticed a meat beast
    82 | D        | Noticed a destroyer
    82 | D        | Annihilated by a destroyer

Vault maps used:
D:        meatsprint

Skill      XL: |  1  2  3  4  5  6  7  8  9 10 11 12 13 14 15 16 17 18 19 20 21 22 23 24 |
---------------+-------------------------------------------------------------------------+-----
Invocations    | 27 | 27.0
Fighting       | 7 11 13 15 17 21 23 26 27 | 27.0
Axes           | 6 10 12 14 16 19 21 27 | 27.0
Armour         | 7 11 13 15 17 21 23 26 27 | 27.0
Dodging        | 5 9 11 12 15 18 19 20 22 27 | 27.0
Shields        | 8 12 14 16 19 23 24 25 27 | 27.0
Throwing       | 11 20 23 26 27 | 27.0
Stealth        | 14 24 27 | 27.0
Unarmed Combat | 11 20 23 27 | 27.0
Spellcasting   | 11 20 23 26 27 | 27.0

Action                   |  1- 3 |  4- 6 |  7- 9 | 10-12 | 13-15 | 16-18 | 19-21 | 22-24 | 25-27 || total
-------------------------+-------+-------+-------+-------+-------+-------+-------+-------+-------++-------
Melee: Executioner's axe |     1 |       |       |       |     2 |     5 |     3 |     4 |    35 ||    50
Armor: Scale mail        |       |       |       |       |       |       |       |       |     1 ||     1
Dodge: Dodged            |       |       |       |       |       |       |       |       |     4 ||     4
Block: Shield            |       |       |       |       |     1 |       |       |       |     8 ||     9

Table legend:
 A = Spawn XP
 B = Non-spawn XP
 C = Spawn XP percentage of total XP
 D = Spawn monster count
 E = Non-spawn monster count
 F = Spawn count percentage of total count
 G = Total turns spent on level
                    A         B        C        D         E        F      G
               +---------+---------+-------+---------+---------+-------+---------
         Total |       0 | 4182800 |   0.0 |       0 |     137 |   0.0 |    82
               +---------+---------+-------+---------+---------+-------+---------
             D |       0 | 4182800 |   0.0 |       0 |     137 |   0.0 |    82
               +---------+---------+-------+---------+---------+-------+---------
